Map: Jagannatha LE

Players

PiLiPiLi

  • Race: Protoss Protoss

Antis - Winner!

  • Race: Zerg Zerg

Event: DreamHack SC2 Masters 2021 Fall

VOD

Have the link to the VOD?

Description

Time

  • Played on: Aug. 5, 2021, 4:49 p.m.
  • Length: 18:00

All games in this series

Show
View Real Time Build Order
Export as new Build Order

PiLiPiLi Protoss 

Build Orders:  

Get SALT Encoding   

  12  0:00  Probe  
  13  0:12  Probe  
  14  0:23  Pylon  
  14  0:25  Probe  
  15  0:41  Probe (Chrono Boost)  
  15  0:42  Gateway  
  17  0:50  Probe (Chrono Boost)  
  17  0:51  Assimilator  
  17  0:56  Probe  
  18  1:06  Gateway  
  18  1:08  Probe  
  19  1:15  Pylon  
  19  1:20  Probe  
  20  1:29  Zealot (Chrono Boost)  
  20  1:32  Cybernetics Core  
  22  1:38  Pylon  
  22  1:44  Probe  
  23  1:56  Zealot (Chrono Boost)  
  23  2:00  Probe  
  26  2:10  Warp Gate  
  28  2:17  Adept (Chrono Boost)  
  28  2:29  Probe  
  26  2:40  Assimilator  
  26  2:41  Probe  
  27  2:44  Nexus  
  27  2:47  Adept  
  29  2:53  Probe  
  30  3:01  Pylon  
  30  3:07  Probe  
  30  3:19  Stargate, Probe  
  31  3:21  Adept  
  33  3:33  Probe  
  34  3:37  Pylon  
  34  3:45  Probe  
  35  3:57  Probe  
  35  3:59  Void Ray (Chrono Boost)  
  34  4:07  Probe (Chrono Boost)  
  34  4:09  Probe (Chrono Boost)  
  38  4:11  Gateway  
  38  4:12  Gateway  
  38  4:19  Probe (Chrono Boost)  
  38  4:21  Adept, Probe (Chrono Boost)  
  42  4:25  Probe (Chrono Boost)  
  42  4:26  Probe (Chrono Boost)  
  44  4:32  Void Ray  
  44  4:33  Probe  
  44  4:36  Probe  
  50  4:45  Probe  
  51  4:48  Probe  
  52  4:57  Adept, Probe  
  55  5:00  Probe  
  56  5:07  Nexus  
  56  5:09  Pylon, Probe  
  56  5:13  Probe  
  58  5:14  Void Ray  
  62  5:26  Pylon  
  62  5:27  Probe x2  
  64  5:36  Shield Battery  
  64  5:39  Assimilator, Probe x2  
  64  5:40  Stargate  
  64  5:41  Assimilator  
  66  5:47  Adept  
  68  5:51  Adept, Probe x2  
  68  5:52  Adept  
  68  5:53  Void Ray  
  78  6:06  Pylon  
  78  6:08  Pylon  
  78  6:19  Probe x3  
  81  6:31  Void Ray, Probe x2  
  81  6:32  Probe  
  84  6:35  Void Ray  
  84  6:36  Protoss Air Weapons Level 1, Adept x3  
  94  6:43  Probe  
  94  6:46  Probe  
  94  6:47  Probe  
  101  6:51  Robotics Facility  
  101  6:55  Pylon, Probe  
  101  6:59  Probe  
  101  7:00  Probe  
  104  7:07  Probe  
  104  7:08  Void Ray  
  103  7:11  Probe  
  103  7:14  Probe  
  103  7:19  Zealot x2, Probe  
  103  7:20  Assimilator, Zealot  
  104  7:23  Pylon, Probe  
  104  7:25  Assimilator  
  104  7:26  Void Ray  
  104  7:28  Probe  
  98  7:31  Probe  
  98  7:36  Immortal (Chrono Boost)  
  103  7:40  Zealot x3  
  103  7:43  Shield Battery  
  113  7:47  Shield Battery  
  113  7:49  Void Ray  
  113  7:51  Forge  
  113  7:52  Robotics Bay  
  117  8:02  Gateway  
  117  8:03  Gateway  
  117  8:05  Twilight Council  
  117  8:10  Observer  
  118  8:14  Pylon  
  118  8:15  Pylon  
  114  8:20  Shield Battery  
  114  8:22  Shield Battery  
  114  8:24  Shield Battery  
  114  8:25  Shield Battery  
  114  8:26  Sentry, Zealot x2  
  120  8:32  Photon Cannon  
  124  8:36  Disruptor (Chrono Boost)  
  127  8:47  Zealot x2  
  122  8:59  Zealot x3  
  122  9:02  Disruptor (Chrono Boost)  
  114  9:07  Void Ray  
  111  9:10  Zealot  
  111  9:11  Zealot  
  111  9:12  Probe  
  111  9:15  Photon Cannon, Gateway  
  105  9:18  Photon Cannon  
  105  9:19  Photon Cannon  
  105  9:22  Charge, Zealot x2  
  99  9:28  Protoss Ground Weapons Level 1 (Chrono Boost)  
  99  9:30  Zealot  
  93  9:35  Probe x3  
  89  9:46  Cybernetics Core  
  89  9:47  Disruptor (Chrono Boost)  
  89  9:50  Void Ray (Chrono Boost)  
  92  9:53  Gateway  
  92  9:56  Zealot  
  98  10:08  Gateway  
  98  10:09  Gateway, Warp Prism (Chrono Boost)  
  98  10:21  Templar Archives  
  100  10:27  Zealot x2  
  100  10:28  Zealot  
  106  10:29  Sentry  
  106  10:30  Void Ray, Zealot  
  110  10:42  Disruptor (Chrono Boost)  
  114  10:45  Pylon  
  117  11:06  Void Ray (Chrono Boost)  
  117  11:11  High Templar x3  
  120  11:12  High Templar  
  120  11:13  High Templar x2, Zealot  
  120  11:14  Zealot x2  
  120  11:17  Disruptor  
  120  11:18  Archon x2  
  138  11:20  Archon  
  138  11:26  Pylon  
  138  11:27  Pylon  
  138  11:29  Pylon  
  138  11:30  Pylon  
  141  11:35  Protoss Ground Weapons Level 2 (Chrono Boost)  
  141  11:53  Zealot  
  141  11:54  Zealot x8  
  145  11:55  Void Ray  
  145  12:00  Disruptor  
  166  12:15  Zealot  
  160  12:16  Zealot x3  
  160  12:17  Zealot x4  
  158  12:34  Zealot  
  148  12:49  Nexus  
  142  12:52  Pylon  
  142  12:54  Pylon  
  142  12:55  Psionic Storm, Disruptor (Chrono Boost)  
  124  12:59  Zealot x6  
  124  13:03  Void Ray (Chrono Boost)  
  133  13:19  Disruptor  
  129  13:20  High Templar x3  
  129  13:21  High Templar  
  129  13:26  High Templar  
  142  13:27  High Templar  
  142  13:33  Probe  
  142  13:34  Probe  
  146  13:35  Probe  
  147  13:42  Photon Cannon  
  147  13:45  Photon Cannon  
  147  13:46  Shield Battery, Probe  
  146  13:52  Zealot x3  
  130  14:03  Zealot x4  
  130  14:04  Archon x2  
  130  14:07  Disruptor (Chrono Boost)  
  118  14:14  High Templar x4  
  118  14:17  Zealot  
  122  14:26  Archon x2  
  122  14:30  High Templar x2, Zealot x2  
  130  14:35  Immortal (Chrono Boost)  
  130  14:37  Protoss Ground Weapons Level 3 (Chrono Boost)  
  134  14:51  Nexus  
  134  15:02  Zealot x3  
  134  15:06  Zealot  
  142  15:18  Observer  
  143  15:28  Zealot x3  
  142  15:46  High Templar  
  142  15:48  High Templar  
  142  15:49  High Templar x3  
  150  15:50  Zealot x3  
  150  15:51  Observer (Chrono Boost)  
  150  15:54  Archon x2  
  150  15:56  Nexus  
  157  15:58  Pylon, Zealot x2  
  157  16:00  Pylon  
  157  16:12  Zealot x3  
  145  16:35  Zealot x5  
  152  16:45  Zealot x4  
  142  17:09  Nexus  
  142  17:11  Zealot x2  
  128  17:26  Zealot x3  
  130  17:30  Zealot  
  81  17:53  Zealot  
  81  17:54  Zealot x2  
Show
View Real Time Build Order
Export as new Build Order

Antis Zerg - Winner!

Build Orders: Pool First 

Get SALT Encoding   

  12  0:17  Spawning Pool  
  11  0:22  Drone  
  11  0:27  Drone  
  13  0:31  Drone  
  14  0:40  Overlord  
  14  1:03  Zergling x2  
  14  1:04  Zergling x2  
  16  1:05  Zergling x2  
  17  1:18  Zergling x2  
  18  1:27  Zergling x2  
  18  1:30  Hatchery  
  18  1:34  Queen  
  18  1:39  Drone  
  21  1:47  Overlord  
  21  1:59  Drone  
  22  2:05  Extractor  
  21  2:09  Drone  
  21  2:10  Queen  
  24  2:22  Drone  
  24  2:35  Drone  
  25  2:44  Drone x5  
  30  2:58  Drone x2  
  31  3:14  Hatchery  
  31  3:16  Drone x3  
  33  3:20  Metabolic Boost  
  33  3:24  Drone  
  34  3:29  Overlord  
  34  3:40  Zergling x2  
  35  3:48  Zergling x2  
  34  3:50  Drone x6  
  34  3:54  Drone  
  37  4:00  Drone  
  37  4:08  Drone  
  36  4:15  Drone x3  
  36  4:16  Drone  
  40  4:22  Queen  
  42  4:25  Drone  
  42  4:27  Drone  
  44  4:33  Queen  
  44  4:36  Overlord  
  46  4:41  Queen  
  46  4:45  Drone  
  49  4:50  Overlord  
  49  4:54  Overlord  
  49  5:02  Overlord  
  49  5:07  Spore Crawler  
  49  5:08  Queen  
  49  5:09  Drone x5  
  49  5:12  Drone x2  
  57  5:15  Drone  
  58  5:21  Zergling x2  
  58  5:23  Drone x3  
  58  5:27  Overlord  
  62  5:32  Drone x4  
  65  5:40  Drone x2, Evolution Chamber  
  65  5:41  Roach Warren  
  65  5:44  Drone x3  
  68  5:50  Queen  
  68  5:53  Drone x3  
  73  6:00  Extractor  
  73  6:01  Drone x4  
  73  6:02  Overlord  
  76  6:06  Drone  
  76  6:07  Drone x3  
  76  6:08  Zerg Missile Weapons Level 1  
  80  6:13  Extractor  
  80  6:16  Overlord  
  79  6:19  Drone x3  
  79  6:20  Lair, Extractor  
  79  6:24  Queen  
  82  6:30  Zergling x12  
  86  6:39  Extractor  
  85  6:41  Roach x2  
  85  6:42  Roach x4  
  85  6:45  Overlord x2  
  85  6:46  Overlord  
  97  6:57  Overlord  
  95  7:06  Queen x2, Hatchery  
  95  7:08  Zergling x12  
  95  7:09  Drone  
  97  7:30  Overlord  
  97  7:31  Roach x7  
  97  7:36  Hatchery  
  108  7:42  Ravager x3  
  111  7:49  Overlord  
  112  7:52  Roach x6  
  124  8:01  Queen  
  124  8:03  Zergling x8  
  130  8:06  Hatchery  
  129  8:14  Overlord  
  128  8:22  Queen  
  129  8:28  Ravager x2  
  129  8:29  Zergling x16  
  137  8:36  Ravager  
  137  8:45  Zergling x10  
  137  8:48  Queen x2  
  129  9:09  Roach x6  
  120  9:11  Queen  
  114  9:23  Queen x2  
  109  9:28  Drone x8  
  110  9:37  Drone x4  
  105  9:43  Lair  
  95  9:46  Spore Crawler, Zerg Ground Armor Level 1  
  95  9:48  Extractor, Spore Crawler, Drone x4  
  95  9:49  Queen  
  97  9:57  Spore Crawler  
  97  9:58  Drone x3  
  97  9:59  Queen, Drone  
  100  10:06  Spore Crawler, Zergling x2  
  100  10:07  Zergling x2  
  100  10:08  Spore Crawler, Drone x2  
  100  10:10  Pneumatized Carapace  
  100  10:13  Ravager x2  
  104  10:15  Drone x8  
  112  10:23  Extractor  
  112  10:25  Queen, Drone x2  
  115  10:29  Roach x2  
  119  10:38  Queen  
  119  10:39  Overlord  
  119  10:41  Roach x9  
  139  10:47  Extractor  
  139  10:49  Drone x3  
  141  10:51  Glial Reconstitution, Hydralisk Den  
  141  10:53  Queen, Overseer  
  141  10:55  Overlord x2  
  142  11:10  Roach x3  
  142  11:11  Roach x2  
  152  11:13  Ravager x5  
  152  11:16  Hatchery  
  156  11:20  Zergling x2  
  156  11:22  Grooved Spines  
  156  11:26  Infestation Pit  
  156  11:27  Drone x5  
  156  11:29  Hydralisk x3  
  166  11:36  Hydralisk  
  166  11:37  Hydralisk x4  
  173  11:50  Hydralisk x5  
  183  12:05  Hydralisk x5  
  177  12:15  Overlord x3  
  171  12:25  Roach x6  
  171  12:27  Queen x3  
  189  12:31  Overlord x2  
  189  12:40  Muscular Augments  
  189  12:42  Hydralisk x7  
  198  12:44  Lurker Den  
  177  12:57  Hydralisk x2  
  177  12:58  Zergling x8  
  168  13:22  Drone  
  168  13:23  Drone x5  
  168  13:24  Hydralisk x4  
  182  13:30  Hatchery  
  182  13:32  Ravager x2, Zergling x2  
  184  13:35  Spore Crawler  
  184  13:36  Extractor  
  184  13:37  Spine Crawler  
  184  13:40  Hydralisk x8  
  170  14:02  Hydralisk x5  
  157  14:12  Zergling x22  
  168  14:21  Spine Crawler  
  167  14:29  Drone x3  
  170  14:32  Lair  
  170  14:33  Spore Crawler  
  170  14:37  Extractor  
  168  14:39  Lurker x2, Hydralisk  
  168  14:40  Zergling x2, Roach x2  
  168  14:41  Zergling x22  
  186  15:13  Hydralisk x7  
  195  15:29  Hive  
  181  15:46  Lurker  
  181  15:47  Lurker x5  
  181  15:49  Overseer  
  187  15:52  Spore Crawler  
  187  15:53  Spore Crawler  
  185  16:03  Hatchery  
  184  16:05  Evolution Chamber  
  173  16:15  Hatchery  
  173  16:17  Lurker x4  
  173  16:23  Lurker x2  
  172  16:30  Hydralisk x2  
  172  16:31  Zergling x2, Hydralisk x4  
  172  16:32  Zergling x28  
  178  16:42  Viper  
  180  16:53  Seismic Spines  
  180  16:58  Lurker x2  
  175  17:09  Hydralisk x5  
  168  17:26  Hydralisk x5  

Tags
 
Add a new tag
Caveats
  • Supply blocks, unpowered buildings, or Contaminate may cause inaccurate times.
  • Supply counts are checked every 10 seconds.